 Dungeon Crawl Stone Soup version 0.22-a0-224-g8cf3520 (webtiles) character file.

69315 Amnesiac the Demonic Disaster (level 14, -1/103 HPs)
             Began as a Demonspawn Monk on Feb 19, 2018.
             Was a Believer of Qazlal.
             Slain by a centaur warrior (14 damage)
             ... on level 1 of the Depths.
             The game lasted 00:45:18 (20451 turns).

Amnesiac the Demonic Disaster (Demonspawn Monk)    Turns: 20451, Time: 00:45:19

Health: -1/103     AC: 15    Str: 17    XL:     14   Next: 89%
Magic:  38/40      EV: 24    Int: 11    God:    Qazlal [**....]
Gold:   1803       SH:  3    Dex: 21    Spells: 8/13 levels left

rFire    . . .     SeeInvis .   a - +9 war axe of the Heavens {elec, +Blink rC+ MR++ Dex-3}
rCold    + + .     Gourm    .   (no shield)
rNeg     . . .     Faith    .   L - +2 robe of Vines {NoPotionHeal Regen+7}
rPois    .         Spirit   .   (helmet restricted)
rElec    +         Reflect  .   n - +0 cloak (curse)
rCorr    .         Harm     .   z - +2 pair of gloves {Dex+3}
MR       +++..                  O - +2 pair of boots
Stlth    +++++.....             C - amulet of rage
HPRegen  3.07/turn              j - ring of stealth
MPRegen  0.27/turn              G - ring of magical power

@: agile
A: horns 2, thin metallic scales 3, cold resistance 1, nightstalker 2,
augmentation 1
a: Upheaval, Renounce Religion, Evoke Blink, Evoke Berserk Rage


You were on level 1 of the Depths.
You worshipped Qazlal.
Qazlal was pleased with you.
You were not hungry.

You visited 4 branches of the dungeon, and saw 19 of its levels.
You also visited: Ice Cave.

You collected 2035 gold pieces.
You spent 232 gold pieces at shops.

Inventory:

Hand Weapons
 a - the +9 war axe of the Heavens (weapon) {elec, +Blink rC+ MR++ Dex-3}
   (You found it on level 14 of the Dungeon)

   Occasionally, upon striking a foe, it will discharge some electrical energy
   and cause terrible harm.
   It affects your dexterity (-3).
   It protects you from cold.
   It affects your resistance to hostile enchantments.
   It lets you blink.
 b - the +7 quarterstaff of Conformity {freeze, Int+5 Stlth+}
   (You found it on level 14 of the Dungeon)

   It has been specially enchanted to freeze those struck by it, causing extra
   injury to most foes and up to half again as much damage against particularly
   susceptible opponents.
   It can also slow down cold-blooded creatures.
   It affects your intelligence (+5).
   It makes you more stealthy.
 e - a +2 battleaxe of chopping
 q - a +0 spear
 v - a +0 blowgun
 W - a +5 dagger of venom
Missiles
 d - 22 tomahawks (quivered)
 g - 39 poisoned needles
 P - 5 needles of sleeping
 T - 7 needles of frenzy
Armour
 n - a cursed +0 cloak (worn)
 z - a +2 pair of gloves of dexterity (worn)
 L - the +2 robe of Vines (worn) {NoPotionHeal Regen+7}
   (You found it on level 6 of the Dungeon)

   It increases your rate of regeneration.
 O - a +2 pair of boots (worn)
Jewellery
 f - a +4 ring of dexterity
 j - a ring of stealth (left hand)
 C - an amulet of rage (around neck)
 G - a ring of magical power (right hand)
Wands
 w - a wand of random effects (27)
 y - a wand of enslavement (46)
 E - a wand of flame (63)
 K - a wand of iceblast (24)
 S - a wand of acid (11)
 U - a wand of digging (14)
 X - a wand of disintegration (30)
 Z - a wand of paralysis (13)
Scrolls
 k - a scroll of brand weapon {!r}
 m - 3 scrolls of identify {!r}
 p - 6 scrolls of amnesia {!r}
 t - 2 scrolls of enchant armour {!r}
 u - 5 scrolls of teleportation {!r}
 x - a scroll of blinking {!r}
 H - 3 scrolls of enchant weapon {!r}
 I - 4 scrolls of magic mapping {!r}
 M - 8 scrolls of remove curse {!r}
 N - 2 scrolls of fear {!r}
 R - a scroll of acquirement {!r}
Potions
 h - a potion of haste {!q}
 i - 2 potions of berserk rage {!q}
 l - 13 potions of curing {!q}
 r - 2 potions of flight {!q}
 s - 2 potions of agility {!q}
 A - 3 potions of might {!q}
 D - a potion of magic {!q}
 F - a potion of invisibility {!q}
 J - 2 potions of cancellation {!q}
 Q - 2 potions of ambrosia {!q}
 V - 3 potions of brilliance {!q}
Miscellaneous
 Y - a crystal ball of energy
Comestibles
 c - 24 rations


   Skills:
 - Level 7.0 Fighting
 - Level 3.0 Polearms
 - Level 8.0 Dodging
 - Level 2.1 Stealth
 + Level 26.7 Invocations
 - Level 4.0 Evocations


You had 8 spell levels left.
You knew the following spells:

 Your Spells              Type           Power        Failure   Level  Hunger
a - Apportation           Tloc           #.....       34%         1    ##.....
e - Confuse               Hex            #.......     71%         3    ####...
z - Confusing Touch       Hex            #.....       34%         1    ##.....


Dungeon Overview and Level Annotations

Branches:
Dungeon (15/15)            Temple (1/1) D:6            Lair (0/6) D:9
    Orc (2/2) D:11            Elf (0/3) Orc:2        Vaults (0/5) D:13
 Depths (1/5) D:15

Altars:
Ashenzari
Cheibriados
Dithmenos
Elyvilon
Fedhas
Gozag
Hepliaklqana
Kikubaaqudgha
Makhleb
Nemelex Xobeh
Okawaru
Qazlal
Ru
Sif Muna
Trog
Uskayaw
Vehumet
Wu Jian
Xom
Yredelemnul
Zin
The Shining One
Beogh

Shops:
D:11 *   Orc:2 (:[*


Innate Abilities, Weirdness & Mutations

You have a pair of horns on your head.
You are completely covered in thin metallic scales. (AC +4, rElec)
Your flesh is cold resistant. (rC+)
You are significantly more attuned to the shadows.
Your magical and physical power is slightly enhanced at high health.


Message History

Lightning courses through the centaur!
You kill the centaur!
Qazlal accepts your kill.
You slash the centaur!
You kill the centaur!
Qazlal accepts your kill.
The centaur warrior hits you but does no damage.
The centaur barely misses you. The ettin hits you with a dire flail!
The ettin hits you with a dire flail!!
* * * LOW HITPOINT WARNING * * *
The centaur warrior barely misses you. The centaur barely misses you.
The ettin hits you with a dire flail!
* * * LOW HITPOINT WARNING * * *
The ettin barely misses you.
You hear a shout!
A yaktaur comes into view.
A yaktaur comes into view.
You hear a shout!
The centaur warrior hits you but does no damage.
The tengu conjurer barely misses you. The tengu conjurer pecks you.
* * * LOW HITPOINT WARNING * * *
The tengu conjurer claws you but does no damage.
The ettin is struck by lightning.
You kill the ettin!
Qazlal accepts your kill.
You hear a shout! x2; You hear a horrible gurgling sound!
You hear a shout! x2
You hear a horrible gurgling sound!
You hear two shouts!
You hear a horrible gurgling sound!
You hear a shout!
You hear two shouts!
You hear a shout!
You hear two shouts!
You hear a shout! x3
You hear two shouts!
You hear a shout!
You hear two shouts!
You hear a deafening roar!
Things that are here:
an uncursed shortbow; 20 arrows You slash the centaur!
Lightning courses through the centaur!
You kill the centaur!
Qazlal accepts your kill. The tengu conjurer blocks your attack.
You hit the centaur warrior.
Lightning courses through the centaur warrior!
The centaur warrior misses you.
The yaktaur wields an arbalest.
The yaktaur shoots a bolt.
The bolt misses you.
The bolt hits the tengu conjurer!
The centaur warrior hits you but does no damage.
The tengu warrior closely misses you. The tengu warrior misses you.
The tengu warrior claws you but does no damage.
The tengu conjurer barely misses you. The tengu conjurer closely misses you.
The tengu conjurer misses you. The centaur warrior hits you!
* * * LOW HITPOINT WARNING * * *
You hear a shout!
The yaktaur shoots a bolt.
The bolt completely misses you. The centaur warrior hits you!
* * * LOW HITPOINT WARNING * * *
The tengu conjurer barely misses you. You block the tengu conjurer's attack.
The tengu conjurer barely misses you.
You see here a bolt.
Really quaff
s - 3 potions of agility {!q}?
You feel agile all of a sudden.
The centaur warrior completely misses you.
The yaktaur wields an arbalest.
The yaktaur shoots a bolt.
You block the bolt.
The yaktaur shoots a bolt.
The bolt hits you!
* * * LOW HITPOINT WARNING * * *
The tengu conjurer closely misses you.
The tengu conjurer completely misses you.
The tengu conjurer misses you. The centaur warrior hits you!
You die...

...........
............
..c...(.....
..c[.(......
..c..)).....
.....)<.....
.....)cQ≈≈≈≈
.....Q@.≈≈≈≈
##.....§≈≈≈≈
######.(...
..... .....
.....


You could see a yaktaur captain, a tengu warrior, a centaur warrior, 2 yaktaurs
and a tengu conjurer.

Vanquished Creatures
  An orc warlord (Orc:1)
  A minotaur (shapeshifter) (D:15)
  A white draconian (IceCv)
  2 ettins
  Snorg (D:14)
  A rakshasa (D:15)
  Fannar (Orc:1)
  A deep elf high priest (D:13)
  Erolcha (D:11)
  2 centaur warriors (D:15)
  The ghost of galech the Grappler, a novice TrMo of Okawaru (D:8)
  A catoblepas (D:13)
  A hydra (D:15)
  A death knight (D:14)
  4 two-headed ogres
  3 tengu warriors
  2 death yaks (IceCv)
  An orc high priest (Orc:2)
  10 skeletal warriors
  Nergalle (D:10)
  2 unseen horrors
  A phantasmal warrior (D:12)
  6 orc knights
  A wizard (D:14)
  8 ugly things
  3 orc sorcerers (Orc:2)
  2 wolf spiders
  7 cyclopes
  A manticore (D:10)
  3 centaur zombies
  2 centaur skeletons
  A gargoyle (D:15)
  A komodo dragon (D:12)
  A rime drake (IceCv)
  8 trolls
  A tyrant leech (shapeshifter) (D:15)
  16 polar bears
  A queen bee (D:13)
  5 meliai
  11 slime creatures
  4 hippogriffs
  A wind drake (shapeshifter) (D:13)
  2 centaur simulacra (D:12)
  A shadow (D:12)
  2 water elementals
  Duvessa (D:3)
  A wyvern (D:15)
  2 vampires
  A human (D:7)
  26 yaks
  2 basilisks (D:9)
  4 hogs (D:7)
  A vampire mosquito (D:13)
  A wraith (D:15)
  A steam dragon (D:15)
  Edmund (D:4)
  Menkaure (D:4)
  Grum (D:11)
  2 wargs
  A water moccasin (D:12)
  4 acid dragons
  A sky beast (shapeshifter) (D:12)
  A hornet zombie (D:14)
  21 orc warriors
  7 ice beasts
  A meliai simulacrum (D:12)
  A swamp drake (shapeshifter) (D:14)
  A black bear (D:8)
  3 sky beasts
  A necrophage (D:9)
  2 phantoms
  5 boggarts (D:15)
  4 eyes of draining
  7 ogres
  17 wolves
  A crocodile (D:9)
  13 centaurs
  Blork the orc (Orc:2)
  10 bullfrogs
  8 scorpions
  33 killer bees
  3 howler monkeys
  8 crimson imps
  A lava snake (D:9)
  3 bullfrog zombies
  10 jellies
  11 orc priests
  7 hounds
  Crazy Yiuf (D:2)
  A bullfrog skeleton (D:13)
  5 iguanas
  Ijyb (D:4)
  Terence (D:2)
  24 orc wizards
  9 worker ants
  2 bullfrog simulacra
  The ghost of Amnesiac the Poker, a weakling DsMo (D:4)
  3 hound skeletons
  A worker ant zombie (D:11)
  Robin (D:2)
  5 gnolls
  12 adders
  4 shadow imps
  12 white imps (D:12)
  An ooze (D:6)
  2 adder zombies
  3 worms
  3 dart slugs
  3 leopard geckos
  55 orcs
  2 ball pythons
  7 bats
  3 giant cockroaches
  9 hobgoblins
  3 jackals (D:3)
  8 kobolds
  3 quokkas
  7 frilled lizards
  15 goblins
  A jackal skeleton (D:9)
  A quokka zombie (D:10)
  5 rats
573 creatures vanquished.

Vanquished Creatures (collateral kills)
  Dowan (D:4)
  A worker ant (D:4)
2 creatures vanquished.

Vanquished Creatures (others)
  2 orc wizards
2 creatures vanquished.

Grand Total: 577 creatures vanquished

Notes
Turn   | Place    | Note
-------+----------+-------------------------------------------
     0 | D:1      | Amnesiac the Demonspawn Monk began the quest for the Orb.
     0 | D:1      | Reached XP level 1. HP: 18/18 MP: 1/1
   175 | D:1      | Gained mutation: You have a pair of small horns on your head. [demonic ancestry]
   175 | D:1      | Reached XP level 2. HP: 24/24 MP: 2/2
   303 | D:1      | Found a glowing golden altar of the Shining One.
  1079 | D:2      | Noticed Terence
  1115 | D:2      | Found a shattered altar of Ashenzari.
  1115 | D:2      | Found a bloodstained altar of Trog.
  1334 | D:2      | Reached XP level 3. HP: 29/29 MP: 3/3
  1386 | D:2      | Found a runed door.
  1716 | D:2      | Noticed Robin
  2044 | D:2      | Killed Robin
  2083 | D:2      | Gained mutation: You are partially covered in thin metallic scales. (AC +2) [demonic ancestry]
  2083 | D:2      | Reached XP level 4. HP: 22/35 MP: 4/4
  2314 | D:2      | Found a burning altar of Makhleb.
  2314 | D:2      | Found a glowing golden altar of the Shining One.
  2349 | D:2      | Found a shadowy altar of Dithmenos.
  3123 | D:3      | Reached skill level 5 in Dodging
  3123 | D:3      | Reached XP level 5. HP: 41/41 MP: 5/5
  3444 | D:4      | Noticed Ijyb
  3965 | D:4      | Noticed Edmund
  3970 | D:4      | Killed Edmund
  3970 | D:4      | Gained mutation: You are slightly more attuned to the shadows. [demonic ancestry]
  3970 | D:4      | Reached XP level 6. HP: 41/47 MP: 6/6
  4021 | D:4      | Noticed Amnesiac's ghost (weakling DsMo)
  4030 | D:4      | Killed Amnesiac's ghost
  4065 | D:4      | Noticed Duvessa
  4088 | D:4      | Noticed Dowan
  4100 | D:4      | Killed Dowan
  4321 | D:2      | Noticed Crazy Yiuf
  4349 | D:2      | Killed Crazy Yiuf
  4465 | D:2      | Killed Terence
  4575 | D:4      | Noticed Menkaure
  4585 | D:4      | Killed Menkaure
  4585 | D:4      | Reached XP level 7. HP: 13/52 MP: 7/7
  5388 | D:4      | Killed Ijyb
  5542 | D:3      | Killed Duvessa
  5789 | D:3      | Reached skill level 5 in Fighting
  5894 | D:5      | Entered Level 5 of the Dungeon
  5952 | D:5      | Got an ichor-stained mace
  5983 | D:5      | Identified the +0 mace "Bishrar" {crush, *Drain rPois rC+ rN+} (You found it on level 5 of the Dungeon)
  6008 | D:5      | Found a snail-covered altar of Cheibriados.
  6074 | D:5      | Reached XP level 8. HP: 55/64 MP: 8/8
  6957 | D:6      | Found a basalt altar of Yredelemnul.
  6993 | D:6      | Reached skill level 1 in Evocations
  7019 | D:6      | Found a staircase to the Ecumenical Temple.
  7038 | Temple   | Entered the Ecumenical Temple
  7285 | Temple   | Became a worshipper of Qazlal Stormbringer
  7285 | Temple   | Reached * piety under Qazlal
  7285 | Temple   | Reached ** piety under Qazlal
  7559 | D:6      | Reached skill level 1 in Invocations
  7571 | D:6      | Reached skill level 2 in Invocations
  8120 | D:6      | Found the +2 robe of Vines {NoPotionHeal Regen+7}
  8238 | D:7      | Reached skill level 3 in Invocations
  8323 | D:7      | Reached skill level 4 in Invocations
  8385 | D:7      | Found a blossoming altar of Fedhas.
  8807 | D:7      | Reached skill level 5 in Invocations
  8807 | D:7      | Gained mutation: You are mostly covered in thin metallic scales. (AC +3) [demonic ancestry]
  8807 | D:7      | Reached XP level 9. HP: 72/72 MP: 13/13
  8807 | D:7      | Reached skill level 6 in Invocations
  8809 | D:7      | Reached skill level 7 in Invocations
  8826 | D:7      | Reached skill level 8 in Invocations
  9045 | D:8      | Reached skill level 9 in Invocations
  9187 | D:8      | Noticed galech's ghost (novice TrMo)
  9200 | D:8      | Reached skill level 10 in Invocations
  9257 | D:8      | Killed galech's ghost
  9257 | D:8      | Reached skill level 11 in Invocations
  9590 | D:8      | Reached skill level 12 in Invocations
  9590 | D:8      | Gained mutation: You are significantly more attuned to the shadows. [demonic ancestry]
  9590 | D:8      | Reached XP level 10. HP: 61/79 MP: 19/19
 10044 | D:8      | HP: 2/79 [large slime creature (37)]
 10055 | D:8      | Reached skill level 13 in Invocations
 10271 | D:9      | Learned a level 1 spell: Confusing Touch
 10273 | D:9      | Learned a level 1 spell: Apportation
 10277 | D:9      | Learned a level 3 spell: Confuse
 10292 | D:9      | Noticed a two-headed ogre
 10333 | D:9      | Killed a two-headed ogre
 10433 | D:9      | Reached skill level 14 in Invocations
 10537 | D:9      | Reached skill level 15 in Invocations
 10625 | D:9      | Gained mutation: You are completely covered in thin metallic scales. (AC +4, rElec) [demonic ancestry]
 10625 | D:9      | Reached XP level 11. HP: 81/84 MP: 22/22
 10742 | D:9      | Found a staircase to the Lair.
 11315 | D:10     | Entered Level 10 of the Dungeon
 11641 | D:10     | Killed an unseen horror
 11641 | D:10     | Reached skill level 16 in Invocations
 12457 | D:11     | Found a staircase to the Orcish Mines.
 12484 | D:11     | Noticed Nergalle
 12564 | D:11     | Noticed Erolcha
 12578 | D:11     | Killed Erolcha
 12600 | D:10     | Reached skill level 17 in Invocations
 12900 | D:11     | Noticed Grum
 12920 | D:11     | Killed Grum
 13087 | D:11     | Noticed a spectral orc warlord
 13101 | D:10     | Killed Nergalle
 13316 | D:11     | Reached skill level 18 in Invocations
 13695 | D:11     | Found Cuuj Umeka's Island Escapes.
 13734 | Orc:1    | Entered Level 1 of the Orcish Mines
 13736 | Orc:1    | Noticed a two-headed ogre
 13759 | Orc:1    | Noticed Fannar
 13764 | Orc:1    | Killed a two-headed ogre
 13791 | Orc:1    | Killed Fannar
 14113 | Orc:2    | Entered Level 2 of the Orcish Mines
 14126 | Orc:2    | Noticed an orc knight
 14142 | Orc:2    | Killed an orc knight
 14200 | Orc:2    | Noticed an orc sorcerer
 14209 | Orc:2    | Paralysed by an orc sorcerer for 3 turns
 14213 | Orc:2    | Killed an orc sorcerer
 14213 | Orc:2    | Reached skill level 19 in Invocations
 14213 | Orc:2    | Gained mutation: Your flesh is cold resistant. (rC+) [demonic ancestry]
 14213 | Orc:2    | Reached XP level 12. HP: 54/91 MP: 25/25
 14536 | Orc:2    | Noticed Blork the orc
 14537 | Orc:2    | Killed Blork the orc
 14544 | Orc:2    | Noticed an orc high priest
 14550 | Orc:2    | Killed an orc high priest
 14565 | Orc:2    | HP: 3/91 [orc sorcerer/bolt of negative energy (16)]
 14581 | Orc:2    | Reached skill level 20 in Invocations
 14591 | Orc:2    | Noticed an orc warlord
 14639 | Orc:1    | Killed an orc warlord
 14674 | Orc:2    | Found a roughly hewn altar of Beogh.
 14761 | Orc:2    | Found Emici's Antique Weapon Emporium.
 14903 | Orc:2    | Found Plog's Book Emporium.
 14937 | Orc:2    | Found Toadinaek's General Store.
 14943 | Orc:2    | Bought a scroll of fear for 52 gold pieces
 14958 | Orc:2    | Identified a scroll of acquirement {!r}
 14973 | Orc:2    | Found Hineeg Fiod's Antique Armour Emporium.
 14979 | Orc:2    | Bought a pair of embroidered gloves for 180 gold pieces
 15179 | Orc:2    | Found a staircase to the Elven Halls.
 15447 | D:12     | Reached skill level 21 in Invocations
 16079 | D:12     | Found a frozen archway.
 16105 | IceCv    | Entered an ice cave
 16143 | IceCv    | Reached *** piety under Qazlal
 16340 | IceCv    | Noticed a death yak
 16348 | IceCv    | Gained mutation: You have a pair of horns on your head. [demonic ancestry]
 16348 | IceCv    | Reached XP level 13. HP: 94/96 MP: 27/27
 16350 | IceCv    | Reached skill level 22 in Invocations
 16707 | IceCv    | Noticed a white draconian
 16715 | IceCv    | Killed a white draconian
 16780 | IceCv    | Got a faintly humming chain mail
 16792 | IceCv    | Identified the +0 chain mail of Pessimism {Str+3} (You found it in an ice cave)
 17187 | D:12     | Reached skill level 23 in Invocations
 17831 | D:13     | Found a gate to the Vaults.
 17888 | D:13     | Noticed an entropy weaver
 17888 | D:13     | a great orb of eyes changed into an entropy weaver
 17894 | D:13     | Noticed an emperor scorpion
 17894 | D:13     | an entropy weaver changed into an emperor scorpion
 17901 | D:13     | Noticed an entropy weaver
 17901 | D:13     | an emperor scorpion changed into an entropy weaver
 17912 | D:13     | Noticed a yellow draconian
 17912 | D:13     | an entropy weaver changed into a yellow draconian
 17917 | D:13     | Noticed an entropy weaver
 17917 | D:13     | a yellow draconian changed into an entropy weaver
 18093 | D:13     | Noticed an ettin
 18103 | D:13     | Killed an ettin
 18127 | D:13     | Reached skill level 24 in Invocations
 18394 | D:14     | Got a twisted war axe
 18395 | D:14     | Identified the +9 war axe of the Heavens {elec, +Blink rC+ MR++ Dex-3} (You found it on level 14 of the Dungeon)
 18471 | D:14     | Got a crystal quarterstaff
 18472 | D:14     | Identified the +7 quarterstaff of Conformity {freeze, Int+5 Stlth+} (You found it on level 14 of the Dungeon)
 18751 | D:14     | Gained mutation: Your magical and physical power is slightly enhanced at high health. [demonic ancestry]
 18751 | D:14     | Reached XP level 14. HP: 52/103 MP: 30/30
 18822 | D:14     | Reached skill level 25 in Invocations
 18981 | D:14     | Found a sacrificial altar of Ru.
 19001 | D:14     | Noticed Snorg
 19107 | D:14     | Killed Snorg
 19276 | D:15     | Entered Level 15 of the Dungeon
 19544 | D:15     | Reached skill level 26 in Invocations
 20199 | D:15     | Found a staircase to the Depths.
 20443 | Depths:1 | Entered Level 1 of the Depths
 20451 | Depths:1 | Slain by a centaur warrior

Vault maps used:
D:1:      dpeg_arrival_simpleton_b, tso_metal_star
D:2:      nicolae_overflow_hidden_temple, dk_noncrumbling_2, uniq_terence,
          uniq_robin, uniq_crazy_yiuf_cottage
D:3:      cheibrodos_gnoll_hut
D:4:      uniq_ijyb, uniq_duvessa, uniq_menkaure, uniq_edmund
D:5:      first_ration, cheibriados_altar_1
D:6:      yredelemnul_altar_generic, minmay_temple_entry_statues_fountains
D:7:      fedhas_altar_1, minmay_statues_item, grunt_livestock,
          minmay_misc_feat_pillars
D:8:      st_stairs_9, minivault_11, grunt_ministairs_1
D:9:      david_lair_generic, kennysheep_cross_room
D:10:     serial_co_window_serial, co_window_corner_a, co_window_paths_a,
          co_window_corner_a, co_window_of_opportunity_a, co_window_corner_a,
          co_window_broadway_a, co_window_corner_b, co_window_corner_b,
          co_window_corner_b, co_window_unsneaky_path_d, co_window_2corner,
          co_window_4corner_a, glass_columns_c
D:11:     orc_0_dummy, nicolae_island_escapes, uniq_erolcha, uniq_nergalle,
          uniq_grum
D:12:     serial_ice, serial_ice_a, serial_ice_o, serial_ice_k, serial_ice_m,
          portal_ice_cave_entry_imps
D:13:     regret_index_combs_of_tragedy, david_vaults_4
D:14:     hangedman_abyss_or_decor_lesser_grid, basic_altar, uniq_snorg
D:15:     gammafunk_enter_depths_forms, grunt_decor_fettered, fountainhead,
          lightli_fourway_metalbox
Temple:   regret_index_temple_generic_petals
Orc:1:    uniq_fannar
Orc:2:    grunt_orc_cross
Depths:1: serial_bayou_shore_b, hell_entry, serial_bayou_pond_e,
          corexii_hall_statues_s, nicolae_twisting_strands,
          lightli_corner_chamber
IceCv:    ice_cave_caverns_03

Skill      XL: |  1  2  3  4  5  6  7  8  9 10 11 12 13 14 |
---------------+-------------------------------------------+-----
Polearms       | 3 |  3.0
Stealth        | 2 |  2.1
Dodging        | 3 4 5 6 7 8 |  8.0
Fighting       | 6 7 |  7.0
Evocations     | 4 |  4.0
Invocations    | 5 12 15 19 21 24 26 | 26.7

Action                   |  1- 3 |  4- 6 |  7- 9 | 10-12 | 13-15 || total
-------------------------+-------+-------+-------+-------+-------++-------
Melee: Spear             |    38 |       |       |       |       ||    38
       Headbutt          |     3 |       |   102 |   352 |   237 ||   694
       Short sword       |       |       |   218 |   581 |       ||   799
       Blowgun           |       |       |     1 |       |       ||     1
       Dagger            |       |       |   146 |   587 |   567 ||  1300
       War axe           |       |       |       |       |   250 ||   250
       Quarterstaff      |       |       |       |       |    18 ||    18
 Fire: Hunting sling     |   115 |   170 |     6 |       |       ||   291
       Blowgun           |       |    24 |    31 |       |       ||    55
Throw: Tomahawk          |       |       |       |       |     1 ||     1
Invok: Upheaval          |       |       |     6 |    17 |    34 ||    57
Evoke: Wand              |     4 |    19 |     1 |       |       ||    24
  Use: Scroll            |     6 |     5 |     1 |    10 |     6 ||    28
       Potion            |     1 |     1 |     2 |     2 |     1 ||     7
 Stab: Sleeping          |     4 |       |     9 |       |       ||    13
       Petrified         |       |       |       |       |     2 ||     2
  Eat: Chunk             |     4 |     6 |    10 |    24 |    14 ||    58
       Ration            |       |       |     2 |       |     1 ||     3
Armor: Robe              |    12 |    13 |    40 |   378 |   361 ||   804
       Leather armour    |       |       |    51 |       |       ||    51
Dodge: Dodged            |    67 |    88 |   339 |  1138 |   983 ||  2615
Block: Other             |       |       |    23 |   161 |   176 ||   360

Table legend:
 A = Spawn XP
 B = Non-spawn XP
 C = Spawn XP percentage of total XP
 D = Spawn monster count
 E = Non-spawn monster count
 F = Spawn count percentage of total count
 G = Total turns spent on level
                    A         B        C        D         E        F      G
               +---------+---------+-------+---------+---------+-------+---------
         Total |       0 |   99022 |   0.0 |       0 |     575 |   0.0 | 20451
               +---------+---------+-------+---------+---------+-------+---------
           D:1 |       0 |      32 |   0.0 |       0 |      18 |   0.0 |  1113
           D:2 |       0 |     147 |   0.0 |       0 |      29 |   0.0 |  1824
           D:3 |       0 |     433 |   0.0 |       0 |      30 |   0.0 |  1223
           D:4 |       0 |     568 |   0.0 |       0 |      14 |   0.0 |  1848
           D:5 |       0 |     634 |   0.0 |       0 |      22 |   0.0 |   942
           D:6 |       0 |     573 |   0.0 |       0 |      17 |   0.0 |  1002
           D:7 |       0 |    1266 |   0.0 |       0 |      13 |   0.0 |   747
           D:8 |       0 |    3284 |   0.0 |       0 |      32 |   0.0 |  1236
           D:9 |       0 |    5016 |   0.0 |       0 |      31 |   0.0 |  1104
          D:10 |       0 |    3382 |   0.0 |       0 |      21 |   0.0 |  1329
          D:11 |       0 |    2953 |   0.0 |       0 |      20 |   0.0 |  1115
          D:12 |       0 |    5994 |   0.0 |       0 |      56 |   0.0 |   959
          D:13 |       0 |   12622 |   0.0 |       0 |      68 |   0.0 |  1115
          D:14 |       0 |   15218 |   0.0 |       0 |      38 |   0.0 |   917
          D:15 |       0 |   21200 |   0.0 |       0 |      57 |   0.0 |  1167
         Orc:1 |       0 |    5594 |   0.0 |       0 |      10 |   0.0 |   551
         Orc:2 |       0 |    7027 |   0.0 |       0 |      50 |   0.0 |  1040
      Depths:1 |       0 |    1550 |   0.0 |       0 |       5 |   0.0 |     8
         IceCv |       0 |   11529 |   0.0 |       0 |      44 |   0.0 |   935
               +---------+---------+-------+---------+---------+-------+---------
